[Event "II Llinars Open 2022"]
[Site "Llinars del Valles"]
[Date "2022.06.29"]
[Round "5.4"]
[White "Juan Mas, Santiago"]
[Black "Munoz, Miguel"]
[Result "0-1"]
[ECO "B01"]
[WhiteElo "1889"]
[BlackElo "2421"]
[Annotator "TA"]
[PlyCount "48"]
[EventDate "2022.06.24"]
[EventType "swiss"]
[EventCountry "ESP"]
[SourceTitle "playchess.com"]
[Source "ChessBase"]
[SourceQuality "1"]
[TimeControl "5400+30"]

1. e4 d5 2. exd5 Qxd5 3. Nc3 Qa5 4. g3 h5 5. h3 Nc6 6. Bg2 {[%emt 0:00:30] [#] B01: Scandinavian Defence.} h4 $146 ({Predecessor:} 6... Bd7 7. Nge2 O-O-O 8. d3 Nf6 9. Bd2 Qf5 10. O-O e5 11. Rb1 Qg6 12. f3 Bc5+ {0-1 (40) Pitra,A (2276)-Mariano,N (2318) Kuala Lumpur 2014}) 7. g4 f5 8. g5 {[%emt 0:02:09] White is slightly better.} e5 9. d3 Be6 10. Bd2 O-O-O 11. Bxc6 bxc6 12. Qf3 Bb4 (12... Ne7 $15 {feels stronger.}) 13. Nge2 (13. Qxc6 $11 Bd5 14. Nxd5 Bxd2+ 15. Ke2 Bxg5 16. Nf3 Qxd5 17. Qxd5 Rxd5 18. Nxg5) 13... Ne7 $17 {[%emt 0:00:27] Hoping for ...Bd5.} 14. O-O {[%emt 0:04:56] [#]} e4 $1 15. Qg2 exd3 {[%emt 0:00:46] Black is more active.} 16. Nf4 {[%emt 0:01:30] Now White is beyond hope.} (16. cxd3 $17 Rxd3 17. a3 Rxd2 18. axb4) 16... dxc2 $19 17. Be3 $2 (17. a3 Rxd2 18. axb4) 17... Bc4 (17... Bxc3 $142 18. Nxe6 Bxb2 19. Nxd8 Rxd8) 18. Rfc1 Bxc3 19. Rxc2 Bd5 20. Nxd5 Nxd5 21. bxc3 Nxe3 22. fxe3 Qc5 {[%emt 0:00:18] [#] ...Rhe8 is the strong threat.} 23. Qe2 Rd6 24. Rf1 Re8 {[%emt 0:00:51] Weighted Error Value: White=0.35/Black=0.19 (very precise)} 0-1

[Event "II Llinars Open 2022"]
[Site "Llinars del Valles"]
[Date "2022.06.29"]
[Round "5.5"]
[White "Herman Gamazo, Isaac"]
[Black "Fanninger, Leon"]
[Result "0-1"]
[ECO "B07"]
[WhiteElo "1823"]
[BlackElo "2157"]
[Annotator "NA RC"]
[PlyCount "120"]
[EventDate "2022.06.24"]
[EventType "swiss"]
[EventCountry "ESP"]
[SourceTitle "playchess.com"]
[Source "ChessBase"]
[SourceQuality "1"]
[TimeControl "5400+30"]

1. e4 d6 2. d4 Nf6 3. Nc3 Nbd7 4. f4 e5 5. Nf3 exd4 6. Qxd4 c6 7. Bd2 d5 8. O-O-O Bc5 9. Qd3 O-O 10. h3 dxe4 11. Nxe4 Nxe4 12. Qxe4 Nf6 13. Qe1 Be6 14. Bc3 Nd5 15. Bd3 Re8 16. Ng5 Bf5 17. Qh4 Be3+ 18. Kb1 Bxd3 19. Rxd3 h6 20. Nf3 Qxh4 21. Nxh4 Bxf4 22. Nf5 g6 23. g3 Nxc3+ 24. bxc3 Bg5 25. h4 gxf5 26. hxg5 hxg5 27. Rh5 Kg7 28. Rxg5+ Kf6 29. Rh5 Rh8 30. Rd6+ Ke7 31. Rxh8 Rxh8 32. Rd3 Rh1+ 33. Kb2 Rf1 34. c4 f4 35. gxf4 Rxf4 36. Kc3 c5 37. Re3+ Kd7 38. a4 a5 39. Rd3+ Ke7 40. Re3+ Kf8 41. Rd3 Rf6 42. Rd5 b6 43. Rd3 Re6 44. Kd2 Ke7 45. Kc3 f5 46. Rd5 Kf6 47. Kd2 Kg5 48. Rd8 Kg4 49. Rg8+ Kf3 50. Rf8 f4 51. Rd8 Kf2 52. Rf8 Rd6+ 53. Kc1 f3 54. Rf7 Ke2 55. Re7+ Kf1 56. Rf7 f2 57. Rf8 Rd4 58. Rf7 Kg2 59. Rg7+ Kf3 60. Rf7+ Rf4 0-1

[Event "II Llinars Open 2022"]
[Site "Llinars del Valles"]
[Date "2022.06.29"]
[Round "5.6"]
[White "Segura Marsa, Andres"]
[Black "Sanchez Aguilar, Arnau"]
[Result "1-0"]
[ECO "B95"]
[WhiteElo "1862"]
[BlackElo "2028"]
[Annotator "NA RC"]
[PlyCount "41"]
[EventDate "2022.06.24"]
[EventType "swiss"]
[EventCountry "ESP"]
[SourceTitle "playchess.com"]
[Source "ChessBase"]
[SourceQuality "1"]
[TimeControl "5400+30"]

1. e4 c5 2. Nf3 d6 3. d4 cxd4 4. Nxd4 Nf6 5. Nc3 a6 6. Bg5 e6 7. Qd3 Be7 8. O-O-O Nbd7 9. f4 Qc7 10. g4 Nxg4 11. Bxe7 Nf2 12. Qg3 Nxd1 13. Kxd1 Kxe7 14. Nxe6 fxe6 15. Qxg7+ Ke8 16. Qxh8+ Nf8 17. Be2 Qf7 18. Rg1 Bd7 19. Rg7 Qf6 20. Bh5+ Kd8 21. Rxd7+ 1-0

[Event "II Llinars Open 2022"]
[Site "Llinars del Valles"]
[Date "2022.06.29"]
[Round "5.7"]
[White "Garcia Gallardo, Victor"]
[Black "Uber Gracia, Hugo"]
[Result "0-1"]
[ECO "B11"]
[WhiteElo "1983"]
[BlackElo "1915"]
[Annotator "NA RC"]
[PlyCount "51"]
[EventDate "2022.06.24"]
[EventType "swiss"]
[EventCountry "ESP"]
[SourceTitle "playchess.com"]
[Source "ChessBase"]
[SourceQuality "1"]
[TimeControl "5400+30"]

1. e4 c6 2. Nc3 d5 3. Nf3 Bg4 4. d4 Nf6 5. h3 Bxf3 6. gxf3 e6 7. Qd3 Bb4 8. Bd2 Nbd7 9. Rg1 e5 10. exd5 cxd5 11. O-O-O exd4 12. Qxd4 Bc5 13. Re1+ Kf8 14. Qh4 h6 15. Bd3 a6 16. Rg2 Be7 17. Qf4 Nh5 18. Qd4 Ndf6 19. Rgg1 Rc8 20. Na4 b5 21. Rxe7 bxa4 22. Qa7 Qxe7 23. Qd4 Kg8 24. Bb4 Qc7 25. Kb1 Qf4 26. a3 0-1

[Event "II Llinars Open 2022"]
[Site "Llinars del Valles"]
[Date "2022.06.29"]
[Round "5.8"]
[White "Serrano Batova, Vicent"]
[Black "Izagirre Alsua, Aritz"]
[Result "1-0"]
[ECO "D04"]
[WhiteElo "1992"]
[BlackElo "1904"]
[Annotator "NA RC"]
[PlyCount "55"]
[EventDate "2022.06.24"]
[EventType "swiss"]
[EventCountry "ESP"]
[SourceTitle "playchess.com"]
[Source "ChessBase"]
[SourceQuality "1"]
[TimeControl "5400+30"]

1. d4 d5 2. Nf3 Nf6 3. e3 a6 4. Bd3 c5 5. b3 Ne4 6. Bb2 e6 7. O-O Nc6 8. Nbd2 f5 9. Ne5 Nxe5 10. dxe5 Nxd2 11. Qxd2 c4 12. Be2 b5 13. a4 Bb7 14. Bd4 Qc7 15. b4 Be7 16. Ra2 O-O 17. c3 Bc6 18. a5 h6 19. g4 g6 20. f4 Be8 21. Bd1 Kh7 22. Qg2 Rg8 23. Qh3 Qd7 24. Rg2 Bf7 25. Kh1 Rg7 26. Rfg1 Rag8 27. Rg3 Qe8 28. Qxh6+ 1-0

[Event "II Llinars Open 2022"]
[Site "Llinars del Valles"]
[Date "2022.06.30"]
[Round "6.1"]
[White "Ayats Llobera, Gerard"]
[Black "Garcia Ramos, Daniel"]
[Result "1/2-1/2"]
[ECO "B12"]
[WhiteElo "2423"]
[BlackElo "2441"]
[Annotator "TA"]
[PlyCount "152"]
[EventDate "2022.06.24"]
[EventType "swiss"]
[EventCountry "ESP"]
[SourceTitle "playchess.com"]
[Source "ChessBase"]
[SourceQuality "1"]
[TimeControl "5400+30"]

1. e4 c6 2. d4 d5 3. f3 dxe4 4. fxe4 e5 5. Nf3 Be6 6. Nbd2 {[%emt 0:05:57] Black should prevent Bc4. B12: Caro-Kann: Advance Variation.} (6. Nc3 $5 ) 6... exd4 7. Bc4 {[%emt 0:01:50] [#]} Nf6 $146 ({Better is} 7... Nd7 $11) ({Predecessor:} 7... Bxc4 8. Nxc4 Bc5 9. O-O Qe7 10. e5 Nd7 11. Bg5 Qe6 12. Nd6+ Bxd6 13. exd6 Qxd6 14. Nxd4 f6 15. Bf4 Ne5 16. Nf5 Qxd1 17. Raxd1 g6 18. Nd6+ Ke7 19. Nxb7 a5 20. Nc5 {1-0 (20) Ivic,V (2571)-Pultinevicius,P (2528) Riga 2021}) 8. O-O $14 {[%emt 0:07:22] White is slightly better.} Nbd7 9. Bxe6 $1 fxe6 {[%emt 0:00:07] [#]} 10. e5 $1 Nd5 {[%emt 0:11:57] ...Ne3 is the strong threat.} 11. Ne4 {[%emt 0:01:06][%mdl 1024] White has strong compensation.} Qb6 $1 12. Nfg5 (12. Qxd4 $6 Nxe5 13. Qxb6 Nxf3+ 14. Rxf3 axb6 $11) 12... O-O-O 13. Nf7 (13. Nxe6 $6 Re8 14. Nxf8 (14. Nxd4 Rxe5 15. Ng3 Bc5 $15) 14... Rexf8 $11) 13... Be7 14. Kh1 {[%emt 0:00:33] White is more active.} h5 15. Nxd8 $18 (15. Nxh8 $6 Rxh8 16. Qd3 h4 $16) 15... Kxd8 16. Ng5 $36 {[%emt 0:02:33][%mdl 2048] White is in control.} Bxg5 (16... Nxe5 $16 17. Nxe6+ Kc8 18. Nxg7 Ng4) 17. Bxg5+ Kc8 18. Rb1 Nxe5 (18... c5 $16 19. Qe2 Kb8) 19. Qe2 Ne3 20. Bxe3 dxe3 {[%emt 0:00:05] [#]} 21. h3 {[%emt 0:06:01] Against Ng4} Qd4 (21... Qc5 $142 22. Rbe1 Nc4) 22. Rbe1 Nc4 23. b3 {[%emt 0:01:02][%mdl 64] Deflection} Nd6 (23... Nd2 $2 24. Rf7) 24. Qxe3 Qxe3 25. Rxe3 {[%emt 0:00:01][%mdl 4096] Endgame KRR-KRN} Nf5 26. Rd3 ({And not} 26. Rxe6 Ng3+ 27. Kg1 Nxf1 28. Kxf1 Kd7 $11) 26... h4 27. Kh2 Kc7 28. Re1 Rh6 29. Red1 Rf6 30. Rd7+ Kb6 31. Rf1 Rg6 32. b4 Ne3 33. Rf2 e5 34. a4 {[%emt 0:04:45] Black must now prevent Rff7.} a5 (34... Ka6 {was worth a try.} 35. Re2 Rg3) 35. bxa5+ Ka6 (35... Kxa5 $142 36. Rxb7 Rf6) 36. c3 e4 37. Rb2 Nf1+ 38. Kg1 Ng3 39. Rbxb7 Kxa5 40. Rb2 Ka6 {[%emt 0:00:04] Inhibits Ra7+.} 41. a5 c5 (41... Rf6 $142 42. Rb6+ (42. Rxg7 $2 {gets mated.} Rf1+ 43. Kh2 Rh1#) 42... Kxa5) 42. Rd8 Ka7 {[%emt 0:00:27] Prevents Ra8+.} 43. Rdb8 Rf6 44. R2b7+ Ka6 {[%emt 0:00:02] ( -> ...Rf1+)} 45. Rb6+ Rxb6 46. Rxb6+ Kxa5 {[%emt 0:00:02] KR-KN} 47. Rb2 (47. Rb7 $18) 47... e3 $11 {[%emt 0:00:34] The position is equal.} 48. c4 Ka4 {[%emt 0:00:11] Prevents Rb3.} 49. Rb5 Ne2+ $1 50. Kf1 Nf4 51. Rb7 ({Reject} 51. Rxc5 e2+ 52. Kf2 Nd3+ 53. Kxe2 Nxc5 $17) 51... g5 52. Rb5 Ka3 53. Ke1 Ka4 54. Kd1 e2+ 55. Kd2 Nxg2 56. Kxe2 Nf4+ 57. Kf3 Nxh3 58. Rxc5 {[%emt 0:00:34] Hoping for Rb5.} Kb4 59. Rc8 Nf4 60. c5 Kb5 61. c6 Kb6 62. c7 Kb7 63. Rg8 Kxc7 64. Rxg5 Ne6 65. Rh5 h3 66. Kg3 Kd6 67. Rxh3 Ke5 68. Rh5+ Ke4 69. Kg4 Nd4 70. Rh8 Ne6 71. Rh1 Ke5 72. Re1+ Kd5 73. Kf5 Nd4+ 74. Kf6 Nc6 75. Rd1+ Nd4 76. Rxd4+ Kxd4 {[%emt 0:00:02] Blacks defense is rewarded with a draw.  Weighted Error Value: White=0.24 (precise) /Black=0.22 (precise)} 1/2-1/2

[Event "II Llinars Open 2022"]
[Site "Llinars del Valles"]
[Date "2022.06.30"]
[Round "6.2"]
[White "Narciso Dublan, Marc"]
[Black "Munoz, Miguel"]
[Result "1-0"]
[ECO "B01"]
[WhiteElo "2464"]
[BlackElo "2421"]
[Annotator "TA"]
[PlyCount "43"]
[EventDate "2022.06.24"]
[EventType "swiss"]
[EventCountry "ESP"]
[SourceTitle "playchess.com"]
[Source "ChessBase"]
[SourceQuality "1"]
[TimeControl "5400+30"]

1. e4 d5 2. exd5 Qxd5 3. Nf3 Bg4 4. Be2 Nc6 5. O-O O-O-O 6. h3 {[%emt 0:00:25] B01: Scandinavian Defence.} Bh5 7. d4 {[%emt 0:00:32] Threatens to win with c4.} Bxf3 8. Bxf3 {[%emt 0:00:09] The position is equal.} Qxd4 {[%emt 0:00:05] [#]} 9. Nd2 $146 {[%emt 0:00:27][%cal Bb1d2,Bd2b3,Bb3a5][%mdl 32] [#] And now Bxc6 would win.} ({Predecessor:} 9. Qe2 Qe5 10. Bg4+ e6 11. Be3 Nf6 12. Nd2 Nxg4 13. Qxg4 Bd6 14. Nf3 Qf5 15. Qa4 {1-0 (25) Kett,T (2167)-Beulen,M (2359) Chess.com INT 2021}) 9... Ne5 10. Qe2 $1 Nf6 11. Bxb7+ Kxb7 12. Nb3 $1 Qd5 {[%emt 0:05:42] [#] Strongly threatening ...e6.} 13. Bf4 Nf3+ $2 14. gxf3 $18 Qf5 (14... e5 $142) 15. Qc4 e5 (15... Rd6 $142 16. Bxd6 exd6) 16. Na5+ Kc8 17. Qa6+ Kd7 18. Qc6+ Kc8 19. Bxe5 Ne8 (19... Qxe5 20. Qa8+ Kd7 21. Qxd8+ Kxd8 22. Nc6+ Kc8 23. Nxe5 Bc5 24. Nxf7 Rf8) 20. Qb7+ {[%emt 0:20:47] White is clearly winning.} Kd7 21. Qb5+ Kc8 22. Nc6 {[%emt 0:01:14] Weighted Error Value: White=0.28 (precise) /Black=0.81} 1-0

[Event "II Llinars Open 2022"]
[Site "Llinars del Valles"]
[Date "2022.06.30"]
[Round "6.3"]
[White "Fanninger, Leon"]
[Black "Uber Gracia, Hugo"]
[Result "1/2-1/2"]
[ECO "B10"]
[WhiteElo "2157"]
[BlackElo "1915"]
[Annotator "NA RC"]
[PlyCount "46"]
[EventDate "2022.06.24"]
[EventType "swiss"]
[EventCountry "ESP"]
[SourceTitle "playchess.com"]
[Source "ChessBase"]
[SourceQuality "1"]
[TimeControl "5400+30"]

1. e4 c6 2. d3 d5 3. Nd2 e5 4. Ngf3 Bd6 5. d4 exd4 6. Bd3 Bg4 7. O-O Ne7 8. exd5 O-O 9. Bxh7+ Kh8 10. dxc6 Nbxc6 11. Bd3 Nd5 12. Ne4 Bc7 13. Ng3 Ndb4 14. Bf5 Bxg3 15. Bxg4 Bd6 16. Ng5 g6 17. c3 dxc3 18. bxc3 Nd3 19. Be2 Nxc1 20. Qxc1 Qf6 21. Ne4 Kg7 22. Qe3 Kh8 23. Ng5 Rae8 1/2-1/2

[Event "II Llinars Open 2022"]
[Site "Llinars del Valles"]
[Date "2022.06.30"]
[Round "6.4"]
[White "Parra Ordorica, Arnau"]
[Black "Segura Marsa, Andres"]
[Result "0-1"]
[ECO "E71"]
[WhiteElo "2001"]
[BlackElo "1862"]
[Annotator "NA RC"]
[PlyCount "60"]
[EventDate "2022.06.24"]
[EventType "swiss"]
[EventCountry "ESP"]
[SourceTitle "playchess.com"]
[Source "ChessBase"]
[SourceQuality "1"]
[TimeControl "5400+30"]

1. d4 Nf6 2. c4 g6 3. Nc3 Bg7 4. e4 d6 5. h3 O-O 6. Be3 e5 7. d5 Na6 8. g4 Nc5 9. f3 a5 10. Nge2 c6 11. Ng3 h5 12. gxh5 Nxh5 13. Nxh5 Qh4+ 14. Bf2 Qxh5 15. dxc6 Ne6 16. cxb7 Bxb7 17. Be3 Qh4+ 18. Kd2 Nd4 19. Bxd4 exd4 20. Nd5 Bxd5 21. exd5 Rfe8 22. Bd3 Qf2+ 23. Kc1 Bh6+ 24. Kb1 Rab8 25. b3 Bd2 26. a4 Re3 27. Rf1 Qg2 28. Rg1 Rxb3+ 29. Ka2 Rb2+ 30. Kxb2 Bc3+ 0-1

[Event "II Llinars Open 2022"]
[Site "Llinars del Valles"]
[Date "2022.06.30"]
[Round "6.5"]
[White "Casares Bonals, Asier"]
[Black "Serrano Batova, Vicent"]
[Result "0-1"]
[ECO "B76"]
[WhiteElo "1741"]
[BlackElo "1992"]
[Annotator "NA RC"]
[PlyCount "80"]
[EventDate "2022.06.24"]
[EventType "swiss"]
[EventCountry "ESP"]
[SourceTitle "playchess.com"]
[Source "ChessBase"]
[SourceQuality "1"]
[TimeControl "5400+30"]

1. e4 c5 2. Nf3 d6 3. d4 cxd4 4. Nxd4 Nf6 5. Nc3 g6 6. Be3 Bg7 7. Bc4 O-O 8. f3 Nc6 9. Bb3 Bd7 10. O-O Rc8 11. Nxc6 Bxc6 12. Qd2 a6 13. a4 Nd7 14. Bd4 Nc5 15. Bxg7 Kxg7 16. Ra3 b5 17. axb5 axb5 18. Nd5 Bxd5 19. Bxd5 e6 20. Qd4+ Qf6 21. Qxf6+ Kxf6 22. Bb3 b4 23. Raa1 Nxb3 24. cxb3 Rc2 25. Rf2 Rfc8 26. Rxc2 Rxc2 27. Ra4 Ke5 28. Rxb4 f5 29. exf5 gxf5 30. Rh4 d5 31. Rxh7 Kf4 32. Rd7 Ke3 33. h4 d4 34. g4 fxg4 35. fxg4 d3 36. h5 d2 37. h6 Rc8 38. h7 Rh8 39. g5 Rxh7 40. Rd6 e5 0-1

[Event "II Llinars Open 2022"]
[Site "Llinars del Valles"]
[Date "2022.06.30"]
[Round "6.6"]
[White "Garre Montes, Marc"]
[Black "Valenzuela Gomez, Fernando"]
[Result "0-1"]
[ECO "C54"]
[WhiteElo "1887"]
[BlackElo "2373"]
[Annotator "RC"]
[PlyCount "80"]
[EventDate "2022.06.24"]
[EventType "swiss"]
[EventCountry "ESP"]
[SourceTitle "playchess.com"]
[Source "ChessBase"]
[SourceQuality "1"]
[TimeControl "5400+30"]

1. e4 e5 2. Nf3 Nc6 3. Bc4 Nf6 4. d3 Bc5 5. c3 a5 6. a4 d6 7. Nbd2 O-O 8. Nf1 Be6 9. Bb3 d5 10. exd5 Bxd5 11. Bxd5 Qxd5 12. Ne3 Qd7 13. O-O Rad8 14. Nc4 e4 15. Nfe5 Nxe5 16. Nxe5 Qe6 17. d4 Bd6 18. f4 c5 19. Be3 cxd4 20. cxd4 Nd5 21. Qe2 Bb8 22. f5 Qd6 23. Bf2 f6 24. Ng4 h5 25. Bg3 Qb6 26. Bxb8 hxg4 27. Bg3 Qxd4+ 28. Kh1 e3 29. Rad1 Qe4 30. Qd3 Qxa4 31. Rfe1 Rfe8 32. Qd4 Qxd4 33. Rxd4 Ne7 34. Rxd8 Rxd8 35. Rxe3 Nxf5 36. Re1 Rd2 37. Bc7 a4 38. h3 gxh3 39. gxh3 Rxb2 40. Ra1 b5 0-1

[Event "II Llinars Open 2022"]
[Site "Llinars del Valles"]
[Date "2022.06.30"]
[Round "6.7"]
[White "Jimenez Ruano, Adrian"]
[Black "Colome Rovira, Oscar"]
[Result "1-0"]
[ECO "D19"]
[WhiteElo "2263"]
[BlackElo "1735"]
[Annotator "NA RC"]
[PlyCount "47"]
[EventDate "2022.06.24"]
[EventType "swiss"]
[EventCountry "ESP"]
[SourceTitle "playchess.com"]
[Source "ChessBase"]
[SourceQuality "1"]
[TimeControl "5400+30"]

1. d4 d5 2. c4 c6 3. Nf3 Nf6 4. Nc3 dxc4 5. a4 Bf5 6. e3 e6 7. Bxc4 Bb4 8. O-O O-O 9. Qe2 Qe7 10. e4 Bg4 11. Bg5 h6 12. Bh4 g5 13. Bg3 Nbd7 14. Qe3 Rfe8 15. Nxg5 hxg5 16. Qxg5+ Kh8 17. Qh4+ Bh5 18. e5 Rg8 19. exf6 Nxf6 20. Be5 Rg6 21. Qxh5+ Kg7 22. Ne4 Rh8 23. Bxf6+ Rxf6 24. Qe5 1-0

[Event "II Llinars Open 2022"]
[Site "Llinars del Valles"]
[Date "2022.06.30"]
[Round "6.8"]
[White "Jove Albaiges, Guillem"]
[Black "Prats Safont, Sergi"]
[Result "0-1"]
[ECO "E05"]
[WhiteElo "1876"]
[BlackElo "2206"]
[Annotator "RC"]
[PlyCount "96"]
[EventDate "2022.06.24"]
[EventType "swiss"]
[EventCountry "ESP"]
[SourceTitle "playchess.com"]
[Source "ChessBase"]
[SourceQuality "1"]
[TimeControl "5400+30"]

1. d4 Nf6 2. c4 e6 3. g3 d5 4. Nf3 Be7 5. Bg2 O-O 6. O-O dxc4 7. Ne5 c5 8. dxc5 Qc7 9. Nxc4 Qxc5 10. b3 Rd8 11. Qc2 Nc6 12. Ba3 Nb4 13. Bxb4 Qxb4 14. Nc3 Nd5 15. Ne4 f5 16. a3 Qb5 17. Ned2 Bf6 18. Rae1 Ne7 19. e4 Nc6 20. Kh1 Nd4 21. Qb1 a5 22. e5 Be7 23. Re3 Bd7 24. Nf3 Bc6 25. Nxd4 Rxd4 26. Bxc6 Qxc6+ 27. Kg1 b5 28. Qb2 Bc5 29. Nxa5 Qd5 30. Re2 Rd1 31. Rxd1 Qxd1+ 32. Kg2 Bd4 33. Qa2 Rxa5 34. b4 Ra6 35. Rd2 Qa1 36. Qc2 Qc3 37. Qd1 Qc6+ 38. Kg1 Bxe5 39. Rd8+ Kf7 40. Qd3 Bf6 41. Rb8 Rb6 42. Rxb6 Qxb6 43. Qd7+ Be7 44. a4 bxa4 45. Qxa4 Qxb4 46. Qd7 Qd6 47. Qb7 Qd1+ 48. Kg2 Qd5+ 0-1

[Event "II Llinars Open 2022"]
[Site "Llinars del Valles"]
[Date "2022.07.01"]
[Round "7.1"]
[White "Garcia Ramos, Daniel"]
[Black "Narciso Dublan, Marc"]
[Result "1/2-1/2"]
[ECO "A41"]
[WhiteElo "2441"]
[BlackElo "2464"]
[Annotator "TA"]
[PlyCount "48"]
[EventDate "2022.06.24"]
[EventType "swiss"]
[EventCountry "ESP"]
[SourceTitle "playchess.com"]
[Source "ChessBase"]
[SourceQuality "1"]
[TimeControl "5400+30"]

1. c4 e5 2. Nc3 Nc6 3. Nf3 g6 4. e3 d6 5. d4 exd4 6. exd4 Bg4 7. Be2 Bg7 8. O-O Nge7 {[%emt 0:01:21][%cal Bg8e7,Be7f5,Bf5d4][%mdl 32] A41: 1 d4 d6: Tartakower System and Modern Defence.} 9. d5 Bxf3 10. Bxf3 ({Reject} 10. gxf3 Nd4 $15) 10... Ne5 11. Be2 O-O 12. Bd2 Nf5 13. Re1 {[%emt 0:04:25] [#]} c5 $146 ({Predecessor:} 13... Re8 14. Rc1 Nd4 15. Be3 Nxe2+ 16. Qxe2 a6 17. Ne4 h6 18. h3 Qh4 {0-1 (39) Elisei,B (1889)-Salati,P (2159) ICCF email 2012}) 14. dxc6 bxc6 15. Rc1 Re8 16. b3 a6 17. Bf4 Nd4 18. Qd2 ({Avoid the trap} 18. Qxd4 $2 Nf3+ $1 19. Bxf3 Rxe1+ 20. Rxe1 Bxd4 $19) 18... Qa5 19. Kf1 ({Wrong is} 19. Qxd4 $2 {[#]} Nf3+ $1 20. gxf3 Bxd4 $19) 19... Nxe2 20. Rxe2 Re6 21. Ne4 Qxd2 22. Rxd2 Bf8 23. f3 f5 $1 24. Nf2 Rae8 {[%emt 0:03:39] Weighted Error Value: White=0.07 (flawless) /Black=0.06 (flawless)} 1/2-1/2

[Event "II Llinars Open 2022"]
[Site "Llinars del Valles"]
[Date "2022.07.01"]
[Round "7.2"]
[White "Serrano Batova, Vicent"]
[Black "Ayats Llobera, Gerard"]
[Result "0-1"]
[ECO "D05"]
[WhiteElo "1992"]
[BlackElo "2423"]
[Annotator "TA"]
[PlyCount "56"]
[EventDate "2022.06.24"]
[EventType "swiss"]
[EventCountry "ESP"]
[SourceTitle "playchess.com"]
[Source "ChessBase"]
[SourceQuality "1"]
[TimeControl "5400+30"]

1. d4 Nf6 2. Nf3 e6 3. e3 d5 4. Bd3 c5 5. b3 Nc6 6. Bb2 Bd6 7. Nbd2 O-O {[%emt 0:00:07] 7...Qe7 is vanishing.} 8. O-O b6 9. Ne5 Bb7 {[%emt 0:00:03] D05: Colle System with ...e6.} 10. f4 Rc8 11. a3 Ne7 {[%emt 0:00:04] The position is equal.} 12. Qf3 {[%emt 0:00:03] Against Ne4 The main line 12.Qf3 scores better than 12.Qe2.} b5 {[%emt 0:00:05] [#] Hoping for ...c4.} 13. dxc5 (13. c3 $5 ) 13... Bxc5 14. b4 ({Avoid the trap} 14. Bxb5 $2 Qb6 15. Rfe1 Qxb5 $19) 14... Bb6 15. Nb3 Ne4 16. Bd4 f6 17. Bxb6 axb6 (17... Qxb6 $2 18. Nd7 Qc6 19. Nxf8 Rxf8 20. Qe2 $18) 18. Ng4 Nf5 {[%emt 0:00:02] [#]} 19. Nf2 $146 ({Predecessor:} 19. Qh3 Bc6 20. Nf2 Qe7 21. Nd4 Nxd4 22. exd4 f5 23. g4 Bd7 24. g5 h6 {0-1 (24) Opychaneyj,G (800)-Frendzas,P (2541) LSS email 2015}) 19... Rc3 20. Qh3 Qd7 21. Rad1 {[%emt 0:25:52] [#] Strongly threatening Bxe4.} Qe7 {[%emt 0:04:07] 0x0.00207cdd6ac8dp-1022s more active pieces.} 22. g4 Nfd6 23. Nd4 Rxa3 24. g5 f5 ({Of course not} 24... fxg5 25. Bxe4 dxe4 26. Qxe6+ Rf7 27. Ng4 $11) 25. Nf3 (25. Nxe4 $17 {was necessary.} fxe4 26. Bxb5) 25... Nc4 26. Bxc4 (26. Nd4 $17) 26... dxc4 $19 ({Not} 26... bxc4 27. Nxe4 fxe4 28. Ne5 $17) 27. Ne5 $2 (27. Nxe4 Bxe4 28. Nd4) 27... Nc3 28. Rd2 {[%emt 0:01:56] Prevents Ne2+.} Rd8 {[%emt 0:04:20] Weighted Error Value: White=0.37/Black=0.08 (flawless)} 0-1

[Event "II Llinars Open 2022"]
[Site "Llinars del Valles"]
[Date "2022.07.01"]
[Round "7.3"]
[White "Segura Marsa, Andres"]
[Black "Prats Safont, Sergi"]
[Result "1-0"]
[ECO "B33"]
[WhiteElo "1862"]
[BlackElo "2206"]
[Annotator "RC"]
[PlyCount "59"]
[EventDate "2022.06.24"]
[EventType "swiss"]
[EventCountry "ESP"]
[SourceTitle "playchess.com"]
[Source "ChessBase"]
[SourceQuality "1"]
[TimeControl "5400+30"]

1. e4 c5 2. Nf3 Nc6 3. d4 cxd4 4. Nxd4 Qb6 5. Nb3 Nf6 6. Nc3 e6 7. Be3 Qc7 8. Be2 Bb4 9. Nd2 Bxc3 10. bxc3 Qe5 11. Nc4 Qxc3+ 12. Bd2 Qd4 13. c3 Qc5 14. Be3 Qe7 15. Nd6+ Kf8 16. O-O b6 17. Bg5 h6 18. Bh4 g5 19. Bg3 Kg7 20. f4 Ne8 21. f5 f6 22. e5 Rf8 23. Bh5 Nxd6 24. exf6+ Rxf6 25. Bxd6 Qd8 26. fxe6 dxe6 27. Qd3 Rf5 28. g4 Rf6 29. Rxf6 Qxf6 30. Rf1 1-0